 Dungeon Crawl Stone Soup version 0.26-a0-546-g3c2127501a (webtiles) character file.

Game seed: 14600636116129500471

8 ANON1729 the Skirmisher (level 2, -1/27 HPs)
             Began as a Minotaur Berserker on Aug 19, 2020.
             Slain by a black bear (12 damage)
             ... created by the rage of Trog
             ... on level 1 of the Dungeon.
             The game lasted 00:00:52 (200 turns).

ANON1729 the Skirmisher (Minotaur Berserker)         Turns: 200, Time: 00:00:53

Health: -1/27      AC:  2    Str: 21    XL:     2   Next: 0%
Magic:  1/1        EV: 12    Int:  4    God:
Gold:   12         SH:  0    Dex:  9    Spells: 1/1 levels left

rFire    . . .     SeeInvis .   a - +0 mace
rCold    . . .     Faith    .   (no shield)
rNeg     . . .     Spirit   .   b - +0 animal skin
rPois    .         Reflect  .   (helmet restricted)
rElec    .         Harm     .   (no cloak)
rCorr    .                      (no gloves)
MR       .....                  (no boots)
Stlth    +.........             (no amulet)
HPRegen  0.09/turn              (no ring)
MPRegen  0.07/turn              (no ring)

@: no status effects
A: retaliatory headbutt, horns 2
a: no special abilities


You were on level 1 of the Dungeon.
You visited 1 branch of the dungeon, and saw 1 of its levels.

You collected 12 gold pieces.

Inventory:

Hand Weapons
 a - a +0 mace (weapon)
Armour
 b - a +0 animal skin (worn)
 c - a +0 chain mail
Scrolls
 d - a scroll of identify
Potions
 e - a potion of lignification


   Skills:
 + Level 3.8 Fighting
 + Level 3.8 Maces & Flails
 + Level 2.7 Armour
 + Level 2.4 Dodging


You had one spell level left.
You didn't know any spells.
Your spell library was empty.

Dungeon Overview and Level Annotations

Branches:
Dungeon (1/15)

Altars:


Innate Abilities, Weirdness & Mutations

You reflexively headbutt those who attack you in melee.
You have a pair of horns on your head.


Message History

Your headbutt misses the giant cockroach.
The giant cockroach bites you but does no damage.
You hit the giant cockroach.
You kill the giant cockroach!
You have reached level 2!
You start resting.
Trog's voice booms out, "Feel my wrath!"
You suddenly pass out!
You can move again.
Unknown command.
You start resting.
Trog sends monsters to punish you. 3 black bears come into view.
As you read the scroll labeled UMIKIG FELEPI, it crumbles to dust.
It is a scroll of identify.
e - a potion of lignification The black bear bites you!
The black bear misses you. The black bear claws you.
You see here a scroll labeled TEMUUPH AMMIO.
The black bear bites you!
You die...

.#
#.......#..##........#
#.......#..#....##.###
#.......#..#....#.....
#.......#..##.#.#..###
#.......##.#..........
#.......##....#.######
#..........#
#+######......###.#
#+####..@............#
.......?h####.....####
......)hh.....#...#
......†.......#...#
..............#...#
..............#...#
..#####.......#.#.# #
#.......#.#.>
#.......#.#..#


You could see 3 black bears.

Vanquished Creatures
  2 bat zombies (D:1)
  A giant cockroach (D:1)
  A kobold (D:1)
  A bat (D:1)
  3 frilled lizards (D:1)
8 creatures vanquished.

Notes
Turn   | Place    | Note
-------+----------+-------------------------------------------
     0 | D:1      | ANON1729 the Minotaur Berserker began the quest for the
                  | Orb.
     0 | D:1      | Reached XP level 1. HP: 19/19 MP: 0/0
     0 | D:1      | Fell from the grace of Trog
   158 | D:1      | Reached XP level 2. HP: 18/27 MP: 1/1
   170 | D:1      | Paralysed by Trog for 5 turns
   198 | D:1      | Noticed a black bear
   198 | D:1      | Noticed a black bear
   198 | D:1      | Noticed a black bear
   200 | D:1      | Slain by a black bear

Illustrated notes

Levels and vault maps discovered:
D:1:      saegor_arrival_fortress, layout_basic, due_unseen_surprise

Action                   || total
-------------------------++-------
Melee: Mace              ||    13
Invok: Renounce Religion ||     1
  Use: Scroll            ||     1
Armor: Animal skin       ||     4
Dodge: Dodged            ||    23

Table legend: (Time is in decaauts)
 A = Elapsed time spent in this place.
 B = Non-inter-level travel time spent in this place.
 C = Inter-level travel time spent in this place.
 D = Time resting spent in this place.
 E = Time spent auto-exploring this place.
 F = Levels seen in this place.
 G = Mean time per level.
                   A        B        C        D        E       F      G
               +--------+--------+--------+--------+--------+-----+--------+
         Total |    202 |    202 |      0 |     35 |     93 |   1 |  202.0 |
       Dungeon |    202 |    202 |      0 |     35 |     93 |   1 |  202.0 |
               +--------+--------+--------+--------+--------+-----+--------+

Top non-repeatable levels by time:
     D:1: 202 daAuts
